 Dungeon Crawl Stone Soup version 0.26-a0-639-g72c4674329 (webtiles) character file.

Game seed: 14899949004350273609

10471 PentaManta the Slicer (level 11, -2/72 HPs)
             Began as a Halfling Gladiator on Sept 20, 2020.
             Was a Follower of Uskayaw.
             Killed from afar by a molten gargoyle (7 damage)
             ... with a bolt of magma
             ... on level 11 of the Dungeon.
             The game lasted 00:33:59 (12166 turns).

PentaManta the Slicer (Halfling Gladiator)         Turns: 12166, Time: 00:34:00

Health: -2/72      AC: 16    Str: 18    XL:     11   Next: 93%
Magic:  15/15      EV: 18    Int:  6    God:    Uskayaw [*.....]
Gold:   688        SH:  7    Dex: 17    Spells: 10/10 levels left

rFire    . . .     SeeInvis +   V - +7 dagger "Okod" {venom, +Inv}
rCold    . . .     Faith    .   D - +0 buckler
rNeg     . . .     Spirit   .   t - +0 chain mail
rPois    .         Reflect  .   G - +2 hat
rElec    .         Harm     .   (no cloak)
rCorr    .         Rampage  .   r - +2 pair of gloves
MR       .....                  C - -1 pair of boots (curse)
Stlth    ..........             H - amulet of regeneration
HPRegen  0.62/turn              s - +4 ring of evasion
MPRegen  0.14/turn              l - ring of see invisible

@: no status effects
A: small, mutation resistance 1
a: Stomp, Renounce Religion, Evoke Invisibility


You were on level 11 of the Dungeon.
You worshipped Uskayaw.
Uskayaw was noncommittal.
You visited 2 branches of the dungeon, and saw 12 of its levels.
You also visited: Sewer and Ossuary.

You collected 688 gold pieces.

Inventory:

Hand Weapons
 a - a +0 rapier
 c - a +1 short sword of holy wrath
 o - a +0 dagger
 p - a +0 scimitar
 F - a +1 short sword of freezing
 I - a +3 long sword
 J - a +3 short sword of venom
 U - a +1 long sword of holy wrath
 V - the +7 dagger "Okod" (weapon) {venom, +Inv}
   (You found it on level 10 of the Dungeon)

   It poisons the flesh of those it strikes.
   It lets you turn invisible.
Missiles
 d - 3 throwing nets
 v - 11 poisoned darts (quivered)
 w - 8 curare-tipped darts
Armour
 r - a +2 pair of gloves (worn)
 t - a +0 chain mail (worn)
 u - a +1 leather armour of fire resistance
 C - a cursed -1 pair of boots (worn)
 D - a +0 buckler (worn)
 G - a +2 hat (worn)
 L - the +2 pair of gloves of the Garden {MR+ Str+2, unknown}
   (You found it on level 8 of the Dungeon)

   It affects your strength (+2).
   It affects your resistance to hostile enchantments.
 N - a +0 plate armour
 R - a +0 troll leather armour
Jewellery
 l - a ring of see invisible (right hand)
 s - a +4 ring of evasion (left hand)
 H - an amulet of regeneration (around neck)
 O - an uncursed ring of wizardry
 P - an uncursed amulet of guardian spirit {unknown}
Wands
 g - a wand of flame (5)
 E - a wand of digging (10)
 M - a wand of disintegration (32)
Scrolls
 b - 6 scrolls of identify
 h - 4 scrolls of teleportation
 j - 2 scrolls of blinking
 x - 2 scrolls of vulnerability
 y - 3 scrolls of remove curse
 B - 3 scrolls of fear
 K - a scroll of enchant armour
 Q - 2 scrolls of amnesia
 T - a scroll of immolation {unknown}
Potions
 e - 3 potions of mutation
 f - 4 potions of curing
 i - 5 potions of haste
 k - 4 potions of flight
 m - 5 potions of heal wounds
 n - a potion of brilliance
 q - a potion of degeneration {unknown}
 z - 4 potions of stabbing {unknown}
 A - 3 potions of lignification
 S - a potion of berserk rage {unknown}


   Skills:
 + Level 5.7 Fighting
 + Level 12.7(12.9) Short Blades
 - Level 2.4(7.4) Long Blades
 - Level 2.0 Throwing
 + Level 7.3 Armour
 + Level 8.1 Dodging
 - Level 7.0 Shields
 * Level 6.4 Invocations


You had 10 spell levels left.
You didn't know any spells.
Your spell library was empty.

Dungeon Overview and Level Annotations

Branches:
Dungeon (11/15)            Temple (1/1) D:4            Lair (0/6) D:8
    Orc (0/2) D:9           Sewer (visited)         Ossuary (visited)

Altars:
Ashenzari
Cheibriados
Dithmenos
Elyvilon
Fedhas
Gozag
Hepliaklqana
Kikubaaqudgha
Makhleb
Nemelex Xobeh
Okawaru
Qazlal
Ru
Sif Muna
Trog
Uskayaw
Vehumet
Wu Jian
Xom
Yredelemnul
Zin
The Shining One

Annotations:
D:10 2 transporters, lilly's ghost, novice OpMo


Innate Abilities, Weirdness & Mutations

You are small and have problems with some larger weapons.
You are somewhat resistant to further mutation.


Message History

Here: a molten gargoyle, wielding a +0 mace (black smoke, lava) Some lava.
A molten gargoyle comes into view.
It is wielding a +1 flail of protection.
You see here a worker ant corpse.
The molten gargoyle blasts magma at you!
The bolt of magma hits you!
There is an open door here.
There is a stone staircase leading up here.
The molten gargoyle blasts magma at you!
The bolt of magma hits you!!!
Ouch! That really hurt!
The molten gargoyle blasts magma at you!
The bolt of magma hits you!
* * * LOW HITPOINT WARNING * * *
The molten gargoyle blasts magma at you!
The bolt of magma hits you!
* * * LOW HITPOINT WARNING * * *
The molten gargoyle blasts magma at you!
The bolt of magma hits you!
You die...

#.....# #..9.#
##..### ### #....#
######.#####9..#
#.........9....#
#####....#######.#
#...#....#######..#
#.@.###.....).....#
#...# #9###########
# #.9.# #.##
#.###..9###..#
#.....8...#99#
####.....##..#
##...##†.##
##.##..## #'#..##


You could see 2 molten gargoyles.

Vanquished Creatures
  3 two-headed ogres
  A centaur skeleton (D:10)
  A komodo dragon (D:8)
  A troll (D:9)
  2 hippogriffs
  Sigmund (D:3)
  A shadow (D:10)
  Eustachio (D:4)
  2 vampires
  9 yaks
  Menkaure (D:7)
  3 ice beasts
  5 orc warriors
  A phantom (D:10)
  2 sky beasts
  A black bear (D:7)
  4 centaurs
  4 ogres
  A crocodile (D:9)
  Blork the orc (D:4)
  2 big kobolds
  3 bullfrogs
  8 scorpions
  14 wights
  2 howler monkeys
  A bullfrog zombie (D:10)
  2 quasits
  3 jellies
  4 hounds
  A gnoll shaman (D:5)
  11 orc priests
  12 orc wizards
  3 bullfrog skeletons
  3 iguanas
  12 worker ants
  A hound zombie (D:8)
  3 mummies (Ossuary)
  Robin (D:4)
  A worker ant zombie (D:9)
  20 adders
  9 gnolls
  5 river rats
  A shadow imp (D:10)
  2 white imps
  An ufetubus (D:5)
  2 oozes (D:1)
  An adder skeleton (D:7)
  6 adder zombies
  3 worms (D:3)
  2 dart slugs
  8 leopard geckos
  29 orcs
  10 bats
  3 bat zombies (D:6)
  2 giant cockroaches
  A gnoll zombie (Ossuary)
  15 goblins
  12 hobgoblins
  7 jackals
  5 quokkas
  3 ball pythons
  7 frilled lizards
  A goblin zombie (Ossuary)
  3 hobgoblin zombies (Ossuary)
  14 kobolds
  4 kobold zombies (Ossuary)
  A leopard gecko skeleton (D:5)
  An orc zombie (Ossuary)
  A quokka skeleton (D:9)
  3 quokka zombies (Ossuary)
  10 rats
  A rat zombie (Ossuary)
325 creatures vanquished.

Vanquished Creatures (others)
  20 fungi (D:6)
  8 plants
28 creatures vanquished.

Grand Total: 353 creatures vanquished

Notes
Turn   | Place    | Note
-------+----------+-------------------------------------------
     0 | D:1      | PentaManta the Halfling Gladiator began the quest for the
                  | Orb.
     0 | D:1      | Reached XP level 1. HP: 14/14 MP: 1/1
   284 | D:1      | Reached skill level 4 in Short Blades
   448 | D:1      | Reached XP level 2. HP: 19/19 MP: 2/2
   704 | D:1      | Reached XP level 3. HP: 24/24 MP: 3/3
   749 | D:1      | Reached skill level 5 in Short Blades
  1563 | D:2      | Reached XP level 4. HP: 24/29 MP: 4/4
  2080 | D:3      | Reached skill level 6 in Short Blades
  2263 | D:3      | Noticed Sigmund
  2279 | D:3      | Reached XP level 5. HP: 22/34 MP: 5/5
  2585 | D:3      | Killed Sigmund
  2585 | D:3      | Reached skill level 8 in Short Blades
  2585 | D:3      | Reached XP level 6. HP: 33/39 MP: 6/6
  2674 | D:3      | Found a glowing drain.
  2679 | Sewer    | Entered a sewer
  2942 | Sewer    | Reached skill level 9 in Short Blades
  2942 | Sewer    | Reached XP level 7. HP: 33/44 MP: 7/7
  3049 | Sewer    | Found a white marble altar of Elyvilon.
  3978 | D:4      | Reached skill level 10 in Short Blades
  4074 | D:4      | Noticed Eustachio
  4094 | D:5      | Entered Level 5 of the Dungeon
  4361 | D:4      | Killed Eustachio
  4361 | D:4      | Reached XP level 8. HP: 47/49 MP: 8/8
  4383 | D:4      | Found a radiant altar of Vehumet.
  4424 | D:4      | Noticed Robin
  4425 | D:4      | You fall into a shaft and drop 2 floors!
  4480 | D:6      | Reached skill level 11 in Short Blades
  4576 | D:6      | Found a sand-covered staircase.
  4581 | Ossuary  | Entered an ossuary
  5175 | D:5      | Reached skill level 1 in Armour
  5523 | D:5      | Found a sparkling altar of Nemelex Xobeh.
  6133 | D:4      | Killed Robin
  6146 | D:4      | Reached XP level 9. HP: 20/55 MP: 9/9
  6181 | D:4      | Noticed Blork the orc
  6191 | D:4      | Killed Blork the orc
  6411 | D:4      | Found a staircase to the Ecumenical Temple.
  6558 | Temple   | Entered the Ecumenical Temple
  6771 | Temple   | Became a worshipper of Uskayaw the Reveler
  6856 | D:6      | Reached * piety under Uskayaw
  6860 | D:6      | Reached ** piety under Uskayaw
  6935 | D:6      | Reached skill level 1 in Invocations
  6935 | D:6      | Reached *** piety under Uskayaw
  6946 | D:6      | Reached **** piety under Uskayaw
  6949 | D:6      | Reached skill level 5 in Dodging
  6975 | D:6      | Reached ***** piety under Uskayaw
  7205 | D:6      | Found an ancient bone altar of Kikubaaqudgha.
  7273 | D:6      | Reached skill level 12 in Short Blades
  7665 | D:6      | HP: 2/56 [orc warrior/+0 dire flail (9)]
  8486 | D:7      | Noticed a hippogriff
  8539 | D:7      | Killed a hippogriff
  8539 | D:7      | Reached skill level 1 in Shields
  8627 | D:7      | Found a glowing silver altar of Zin.
  8638 | D:7      | Reached skill level 5 in Armour
  8658 | D:7      | Noticed Menkaure
  8663 | D:7      | Killed Menkaure
  8663 | D:7      | Reached XP level 10. HP: 31/63 MP: 8/12
  8868 | D:7      | Reached skill level 1 in Long Blades
  9495 | D:8      | Noticed a two-headed ogre
  9527 | D:8      | Killed a two-headed ogre
  9691 | D:8      | Found a staircase to the Lair.
  9692 | D:8      | Noticed a komodo dragon
  9695 | D:8      | Got a pair of slimy gloves
  9719 | D:8      | Killed a komodo dragon
  9828 | D:8      | Noticed a two-headed ogre
  9884 | D:8      | Killed a two-headed ogre
  9884 | D:8      | Reached skill level 5 in Shields
 10065 | D:8      | Reached XP level 11. HP: 38/70 MP: 14/14
 10152 | D:9      | Noticed a two-headed ogre
 10163 | D:9      | Killed a two-headed ogre
 10212 | D:9      | Reached skill level 5 in Invocations
 10217 | D:9      | Reached skill level 5 in Fighting
 10263 | D:9      | Found a staircase to the Orcish Mines.
 10474 | D:9      | Found a shimmering altar of Xom.
 10602 | D:9      | Found a burning altar of Makhleb.
 10741 | D:10     | Entered Level 10 of the Dungeon
 11136 | D:10     | Identified the cursed +1 war axe of the Big Bang {venom,
                  | Dex+7}
 11137 | D:10     | Found a bloodstained altar of Trog.
 11140 | D:10     | Found a transporter.
 11142 | D:10     | Found a transporter.
 11142 | D:10     | Noticed lilly's ghost (novice OpMo)
 11143 | D:10     | Noticed a moth of wrath
 11156 | D:10     | Noticed a cyclops
 11291 | D:10     | Reached ****** piety under Uskayaw
 12037 | D:10     | Got a bloodstained dagger
 12038 | D:10     | Identified the +7 dagger "Okod" {venom, +Inv} (You found it
                  | on level 10 of the Dungeon)
 12166 | D:11     | Killed from afar by a molten gargoyle

Illustrated notes

Levels and vault maps discovered:
D:1:      minmay_arrival_split_and_join, layout_basic
D:2:      layout_basic, minmay_misc_feat_four_crosses
D:3:      layout_loops_ring, lightli_sewer_entry_pipes, uniq_sigmund
D:4:      layout_cave_pools, minmay_temple_entry_overgrown,
          vehumet_altar_wand_db, uniq_eustachio, uniq_robin, uniq_blork_the_orc
D:5:      layout_basic, nemelex_xobeh_ov_fountains_minmay
D:6:      old_forge, layout_basic, lemuel_zombie_altar_kikubaaqudgha,
          nicolae_ossuary_entry_monument, kennysheep_generic_room_14
D:7:      layout_rooms, kennysheep_little_box, kennysheep_small_circle,
          uniq_menkaure
D:8:      layout_rooms, david_lair_shrubbed
D:9:      layout_roguey, nicolae_overflow_crystal_walls, orc_0_dummy,
          basic_altar
D:10:     layout_irregular_city, gammafunk_ghost_wrathful_warriors, minmay_puff
D:11:     layout_rooms, grunt_ministairs_14, minivault_8
Temple:   dpeg_five_rooms_temple

Skill      XL: |  1  2  3  4  5  6  7  8  9 10 11 |
---------------+----------------------------------+-----
Short Blades   | 4 5 6 8 9 10 11 12 | 12.7
Armour         | 2 5 6 7 |  7.3
Fighting       | 2 3 4 5 |  5.7
Dodging        | 4 6 7 8 |  8.1
Invocations    | 3 4 6 |  6.4
Shields        | 2 5 7 |  7.0
Long Blades    | 2 |  2.4
Throwing       | |  2.0

Action                   |  1- 3 |  4- 6 |  7- 9 | 10-12 || total
-------------------------+-------+-------+-------+-------++-------
Melee: Rapier            |    41 |   185 |   741 |   139 ||  1106
       Short sword       |   106 |       |       |   448 ||   554
       Dagger            |       |     5 |    11 |    21 ||    37
Throw: Throwing net      |       |     1 |     1 |       ||     2
       Dart              |       |       |     6 |       ||     6
Invok: Stomp             |       |       |     2 |       ||     2
       Line Pass         |       |       |     1 |       ||     1
Evoke: Wand              |       |       |     4 |       ||     4
  Use: Scroll            |       |    10 |    11 |       ||    21
       Potion            |       |     2 |     3 |       ||     5
 Stab: Held in net/web   |       |     2 |     3 |       ||     5
       Paralysed         |       |       |     4 |    30 ||    34
Armor: Scale mail        |    51 |    62 |    36 |       ||   149
       Chain mail        |       |       |   278 |    95 ||   373
Dodge: Dodged            |   115 |   145 |   517 |   281 ||  1058
Block: Buckler           |       |       |     8 |   117 ||   125

Table legend: (Time is in decaauts)
 A = Elapsed time spent in this place.
 B = Non-inter-level travel time spent in this place.
 C = Inter-level travel time spent in this place.
 D = Time resting spent in this place.
 E = Time spent auto-exploring this place.
 F = Levels seen in this place.
 G = Mean time per level.
                   A        B        C        D        E       F      G
               +--------+--------+--------+--------+--------+-----+--------+
         Total |  11653 |  11049 |    604 |   1705 |   6304 |  14 |  832.4 |
       Dungeon |  10541 |   9988 |    553 |   1447 |   5822 |  11 |  958.3 |
        Temple |    265 |    214 |     51 |      0 |    183 |   1 |  265.0 |
         Sewer |    521 |    521 |      0 |    159 |    200 |   1 |  521.0 |
       Ossuary |    325 |    325 |      0 |     99 |     99 |   1 |  325.0 |
               +--------+--------+--------+--------+--------+-----+--------+

Top non-repeatable levels by time:
     D:6: 1530 daAuts
     D:3: 1217 daAuts
     D:5: 1196 daAuts
     D:1: 1115 daAuts
     D:2: 1096 daAuts
    D:10: 1021 daAuts
     D:7: 925 daAuts
     D:4: 796 daAuts
     D:8: 793 daAuts
     D:9: 766 daAuts
   Sewer: 521 daAuts
 Ossuary: 325 daAuts
  Temple: 265 daAuts
    D:11: 81 daAuts
